 Dungeon Crawl Stone Soup version 0.30-a0-457-g4b7bca3bfa (webtiles) character file.

Game seed: 7002975790669206368

22852 kae the Grappler (level 12, -19/97 (120) HPs)
             Began as a Red Draconian Transmuter on Dec 13, 2022.
             Was a Priest of Ru.
             Killed from afar by an orc sorcerer (31 damage)
             ... with a bolt of negative energy
             ... on level 12 of the Dungeon.
             The game lasted 00:12:19 (13651 turns).

kae the Grappler (Red Draconian Transmuter)        Turns: 13651, Time: 00:12:20

HP:   -19/97 (120)  AC: -2    Str: 13    XL:     12   Next: 66%
MP:   24/24         EV: 12    Int: 20    God:    Ru [***...]
Gold: 661           SH:  5    Dex: 12    Spells: 17/27 levels left

rFire   x . .      SeeInvis .      - Unarmed
rCold   + + +      Faith    .    (shield currently unavailable)
rNeg    . . .      Spirit   .    (body armour unavailable)
rPois   +          Reflect  +    (helmet currently unavailable)
rElec   .          Harm     .    (cloak currently unavailable)
rCorr   .          Rampage  .    (gloves currently unavailable)
Will    +....                    (boots currently unavailable)
Stlth   +.........               h - amulet "Numokhlu" {Reflect Int+2 SH+5}
HPRegen 0.36/turn                f - ring of willpower
MPRegen 0.19/turn                C - ring of protection from cold

@: exhausted, ice-form, wereblooded (expiring), corroded, heavily drained,
unable to read
A: freezing attack, amphibious, boosted hp, (breathe fire), AC +8, large,
unfitting armour, (fire resistance 1), (cold-blooded), inability to read after
injury 2, inability to use devices
a: End Transformation, Renounce Religion, Draw Out Power


You were on level 12 of the Dungeon.
You worshipped Ru.
Ru was most pleased with you.
You were a creature of crystalline ice.
You visited 2 branches of the dungeon, and saw 13 of its levels.
You also visited: Ossuary.

You collected 661 gold pieces.


Innate Abilities, Weirdness & Mutations

You are a creature of crystalline ice.
You have a powerful freezing melee attack.
You are amphibious.
Your maximum health is increased.
Your armour is entirely melded.
You are incapable of wielding weapons or throwing items.
((You can breathe blasts of fire.))
((Your fiery red scales are hard. (AC +8)))
You cannot fit into any form of body armour.
((Your flesh is heat resistant. (rF+)))
((You are cold-blooded and may be slowed by cold attacks.))
You sometimes lose the ability to read scrolls when taking damage.
You cannot study or use magical devices.


   Skills:
 + Level 7.1 Fighting
 + Level 6.2 Dodging
 * Level 13.4 Unarmed Combat
 - Level 8.0 Spellcasting
 + Level 11.3 Transmutations
 - Level 5.4 Ice Magic
 - Level 1.8 Poison Magic


You had 17 spell levels left.
You knew the following spells:

 Your Spells              Type           Power      Damage    Failure   Level
a - Beastly Appendage     Tmut           100%       N/A       1%          1
b - Wereblood             Tmut           52%        N/A       1%          2
c - Spider Form           Tmut/Pois      34%        N/A       1%          3
d - Ice Form              Ice/Tmut       41%        N/A       2%          4

Your spell library contained the following spells:

 Spells                   Type           Power      Damage    Failure   Level
 Sting                    Tmut/Pois      100%       1d8       1%          1
 Poisonous Vapours        Pois/Air       22%        N/A       9%          2
 Cigotuvi's Dreadful Rot  Necr/Pois/Air  20%        N/A       10%         2
 Mephitic Cloud           Conj/Pois/Air  10%        N/A       21%         3
 Inner Flame              Hex/Fire       8%         N/A       26%         3
 Olgreb's Toxic Radiance  Pois           15%        N/A       36%         4
 Cause Fear               Hex            4%         N/A       63%         4
 Discord                  Hex            4%         N/A       100%        8

Inventory:

Missiles
 d - 84 stones
 j - 4 boomerangs
 k - 48 poisoned darts
 n - 2 silver javelins
 I - 2 curare-tipped darts {=f}
 K - 5 throwing nets {=f!f}
Magical Staves
 q - a staff of poison {!a}
   (You found it on level 4 of the Dungeon)
Jewellery
 f - a ring of willpower (left front paw)
   (You found it on level 3 of the Dungeon)
 h - the amulet "Numokhlu" (around neck) {Reflect Int+2 SH+5}
   (You found it on level 5 of the Dungeon)

   [amulet of reflection]

   It reflects blocked missile attacks.
   Int:       It affects your intelligence (+2).
   SH:        It affects your SH (+5).
 C - a ring of protection from cold (right front paw)
   (You found it on level 6 of the Dungeon)
 D - a +6 ring of dexterity
   (You found it on level 9 of the Dungeon)
 O - a +4 ring of protection
   (You found it on level 10 of the Dungeon)
Wands
 m - a wand of digging (3)
   (You took it off Maurice on level 11 of the Dungeon)
Scrolls
 c - 4 scrolls of fog
 g - a scroll of silence {!r}
 l - a scroll of magic mapping {!r}
 o - 5 scrolls of teleportation {@r4}
 r - a scroll of immolation {!r!r}
 w - a scroll of vulnerability {!r!r}
 x - a scroll of torment {!r}
 y - 2 scrolls of identify {@r1}
 A - 2 scrolls of poison {!r}
 B - 2 scrolls of fear
 E - 3 scrolls of enchant weapon
 F - a scroll of brand weapon
 L - 2 scrolls of enchant armour
Potions
 a - 3 potions of lignification {!q}
 b - a potion of magic
 e - 3 potions of cancellation
 i - 3 potions of brilliance
 p - 4 potions of curing {@q1}
 s - 3 potions of heal wounds {@q2}
 t - a potion of haste {@q3}
 u - a potion of ambrosia
 v - 2 potions of mutation {!q}
 z - a potion of attraction {!q}
 G - a potion of might
 H - 2 potions of flight

Dungeon Overview and Level Annotations

Branches:
Dungeon (12/15) Zot: 26752  Temple (1/1) D:7 Zot: 5985    Lair (0/5) D:8
Ossuary (visited)
    Orc: D:9-12

Altars:
Ashenzari
Cheibriados
Dithmenos
Elyvilon
Fedhas
Gozag
Hepliaklqana
Kikubaaqudgha
Makhleb
Nemelex Xobeh
Okawaru
Qazlal
Ru
Sif Muna
Trog
Uskayaw
Vehumet
Wu Jian
Xom
Yredelemnul
Zin
The Shining One

######## ........... .
#.######### ..### #.# #
..Z.. #.# # .....Z #.# #
....ZZ# #.# ....ZZZ####
#.# ...ZZ8oY..# #.##
....ZZW##.# #..# ....ZZ#
#.#####'### ## ....ZZ
#...#...#.# ###. .....
###.#.#.#.# #...
..#########...#...###.#.
. .......'.#####.#...#.
########.....#.#.###.
#.###.#.'.# ##


You could see an orc sorcerer, a shadow, a goblin zombie, 3 hobgoblin zombies, 5
orc zombies, 5 ogre zombies and a goblin skeleton.


Message History

The sixfirhy completely misses you.
You completely miss the sixfirhy. You block the sixfirhy's attack. x2
The sixfirhy hits you. The sixfirhy shocks you! 😮 HP[-14]
You take 14 damage, and now have 84/120 hp.
You are too injured to fight recklessly!
You are too injured to fight recklessly!
You punch the sixfirhy! You freeze the sixfirhy.
You kill the sixfirhy!
The sixfirhy disappears in a puff of smoke!
You are too injured to fight recklessly!
You are too injured to fight recklessly!
You punch the orc zombie!
You feel a bit better.
You destroy the orc zombie!
You howl as the wereblood boils in your veins!
The orc sorcerer casts a spell at you.
The bolt of negative energy misses the rust devil.
The bolt of negative energy hits you!!!
You feel drained.
You feel threatened and lose the ability to read scrolls!
* * * LOW HITPOINT WARNING * * *
😨 HP[-36]
You now have 112 max hp (-8).
You take 36 damage, and now have 48/112 hp.
MASSIVE DAMAGE!! (PAUSE)
You hit the rust devil but do no damage.
The rust devil hits you.
* * * LOW HITPOINT WARNING * * *
The rust devil corrodes you! 😨 HP[-1]
You take 1 damage, and now have 47/112 hp.
You hit the rust devil.
The orc sorcerer gestures at you while chanting.
The bolt of negative energy hits the rust devil.
The rust devil completely resists.
The bolt of negative energy hits you!!
You feel drained.
* * * LOW HITPOINT WARNING * * *
The rust devil hits you.
* * * LOW HITPOINT WARNING * * *
The rust devil corrodes you!
You pummel the rust devil!!
The orc sorcerer howls an incantation.
The orc sorcerer's hands start to glow.
The rust devil hits you.
* * * LOW HITPOINT WARNING * * *
The rust devil corrodes you! 😱 HP[-22]
You now have 109 max hp (-3).
You take 22 damage, and now have 25/109 hp.
MASSIVE DAMAGE!! (PAUSE)
You hit the rust devil.
You hear a shout!
Unknown command.
You hit the rust devil but do no damage.
You block the rust devil's attack. 😱 HP[+1]
You hit the rust devil but do no damage.
The ogre zombie stops glowing.
The rust devil barely misses you.
Unknown command.
You barely miss the rust devil.
You howl as the wereblood boils in your veins!
The rust devil hits you!
* * * LOW HITPOINT WARNING * * *
The rust devil corrodes you! 😱 HP[-12]
You take 12 damage, and now have 14/109 hp.
You pummel the rust devil!! You freeze the rust devil.
You kill the rust devil!
The rust devil disappears in a puff of smoke!
Your primal bloodlust is almost over. 😱 HP[+1]
You are restored by drawing out deep reserves of power within.
You feel drained.
You howl as the wereblood boils in your veins!
A goblin zombie comes into view.
The orc sorcerer begins to cast a spell, but is stunned by your conviction!
The goblin skeleton closely misses you. 😨 HP[+24]
You now have 103 max hp (-6).
You regained 24 hp, and now have 39/103 hp.
You pummel the goblin skeleton!!
You feel a bit better.
You destroy the goblin skeleton! 😨 HP[+2]
You regained 2 hp, and now have 41/103 hp.
The orc sorcerer hits you with a +0 dagger.
* * * LOW HITPOINT WARNING * * *
The shadow strikes at you from the darkness!
* * * LOW HITPOINT WARNING * * *
Reactivating autopickup.
The ogre zombie completely misses you. 😱 HP[-29]
You take 29 damage, and now have 12/103 hp.
MASSIVE DAMAGE!! (PAUSE)
You hit the orc sorcerer but do no damage.
The orc sorcerer wildly gestures.
You feel troubled.
The orc sorcerer gestures at you while chanting.
The bolt of negative energy hits you!!
You feel drained.
You die...

Skill      XL: |  1  2  3  4  5  6  7  8  9 10 11 12 |
---------------+-------------------------------------+-----
Transmutations | 3 4 5 8 10 11 | 11.3
Poison Magic   | 1 |  1.8
Spellcasting   | 3 4 7 8 |  8.0
Unarmed Combat | 4 5 8 9 11 13 | 13.4
Ice Magic      | 1 1 2 5 |  5.4
Fighting       | 6 7 |  7.1
Dodging        | 5 6 |  6.2

Action                   |  1- 3 |  4- 6 |  7- 9 | 10-12 || total
-------------------------+-------+-------+-------+-------++-------
Melee: Unarmed           |   103 |   208 |   207 |   486 ||  1004
       Kick              |    19 |    26 |     1 |       ||    46
       Headbutt          |    12 |    11 |     1 |       ||    24
       Tailslap          |    13 |    13 |     2 |       ||    28
       Punch             |     3 |     3 |     3 |       ||     9
 Cast: Beastly Appendage |    12 |    28 |     3 |       ||    43
       Spider Form       |     1 |     9 |     8 |       ||    18
       Wereblood         |     1 |     1 |       |    13 ||    15
       Ice Form          |       |       |    15 |    50 ||    65
Invok: Sacrifice Words   |       |       |       |     1 ||     1
       Draw Out Power    |       |       |       |     1 ||     1
       Sacrifice Artific |       |       |       |     1 ||     1
 Abil: Breathe Fire      |       |       |       |     2 ||     2
  Use: Scroll            |     3 |    11 |    10 |     3 ||    27
       Potion            |       |       |     3 |       ||     3
 Stab: Distracted        |       |       |       |     1 ||     1
Armor: Skin              |    46 |    43 |   141 |   175 ||   405
Dodge: Dodged            |   107 |   136 |   115 |   200 ||   558
Block: Other             |       |       |    31 |   103 ||   134
       Reflection        |       |       |       |     9 ||     9

Levels and vault maps discovered:
D:1:      giann_forest_graveyard, layout_basic
D:2:      layout_rooms, serial_undead, serial_undead_b, serial_undead_a,
          serial_undead_e, serial_undead_f, serial_undead_e, serial_undead_f,
          serial_undead_e, serial_undead_b
D:3:      layout_loops_cross, minivault_19
D:4:      layout_rooms, minmay_overflow_temple_star_quad
D:5:      layout_basic, chequers_serial_rivers_small_a
D:6:      layout_basic, nicolae_overflow_crystal_walls, nrook_mini_vaults
D:7:      layout_cave_pods, mainiacjoe_overflow_alcove_1,
          minmay_temple_entry_slanted, enter_ossuary_1
D:8:      layout_basic, minmay_lair_entry_grove, minmay_manual_monstrance,
          uniq_maggie
D:9:      layout_cave_pods, minmay_stone_trees_medium, minivault_26,
          hangedman_ranch
D:10:     layout_basic, uniq_harold
D:11:     layout_stronghold, uniq_maurice
D:12:     layout_roguey, zombieorc2_lemuel
Temple:   sentei_temple_godly_chess

Notes
Turn   | Place    | Note
-------+----------+-------------------------------------------
     0 | D:1      | kae the Draconian Transmuter began the quest for the Orb.
     0 | D:1      | Reached XP level 1. HP: 16/16 MP: 3/3
     0 | D:1      | magus.rc [v1.11.3]
   100 | D:1      | Reached XP level 2. HP: 12/23 MP: 5/5
   205 | D:1      | Learned a level 2 spell: Wereblood
   285 | D:1      | Reached XP level 3. HP: 27/28 MP: 6/6
   299 | D:1      | Learned a level 3 spell: Spider Form
   359 | D:1      | Reached skill level 3 in Transmutations
   982 | D:2      | Reached XP level 4. HP: 23/35 MP: 3/7
  1094 | D:2      | Reached skill level 1 in Poison Magic
  1606 | D:3      | Reached XP level 5. HP: 39/40 MP: 7/9
  1835 | D:3      | Reached skill level 3 in Spellcasting
  2564 | D:4      | Learned a level 4 spell: Ice Form
  2635 | D:4      | Reached skill level 4 in Unarmed Combat
  2747 | D:4      | Noticed a phantom
  2763 | D:4      | Killed a phantom
  2764 | D:4      | Reached skill level 1 in Ice Magic
  2764 | D:4      | Reached XP level 6. HP: 34/47 MP: 7/11
  2854 | D:4      | Reached skill level 4 in Transmutations
  3260 | D:4      | Found a glowing silver altar of Zin.
  3279 | D:4      | Reached skill level 2 in Ice Magic
  3310 | D:4      | Found an opulent altar of Gozag.
  3317 | D:4      | Found an iron altar of Okawaru.
  3390 | D:4      | You pick up a book of Hexes and begin reading...
  3390 | D:4      | You add the spells Inner Flame, Cause Fear and Discord to
                  | your library.
  3453 | D:5      | Entered Level 5 of the Dungeon
  3538 | D:5      | Your scales start taking on a fiery red colour.
  3538 | D:5      | Reduced skill Ice Magic to level 1
  3538 | D:5      | Reached XP level 7. HP: 41/52 MP: 9/12
  3538 | D:5      | Gained mutation: Your flesh is heat resistant. (rF+) [Red
                  | Draconian growth]
  3584 | D:5      | Reached skill level 4 in Spellcasting
  3584 | D:5      | Reached skill level 2 in Ice Magic
  3748 | D:5      | Reached skill level 5 in Unarmed Combat
  3815 | D:5      | Identified the amulet "Numokhlu" {Reflect Int+2 SH+5}
  3999 | D:4      | HP: 10/51 [gnoll/+0 whip of electrocution (5)]
  4010 | D:4      | HP: 8/52 [necrophage (3)]
  4012 | D:4      | Reached skill level 5 in Transmutations
  4232 | D:4      | Reached XP level 8. HP: 19/59 MP: 9/14
  4394 | D:5      | Paralysed by a gnoll for 4 turns
  4602 | D:5      | Reached skill level 3 in Ice Magic
  4829 | D:6      | Found a glowing golden altar of the Shining One.
  4831 | D:6      | magus.rc [v1.11.3]
  5100 | D:6      | You add the spells Sting, Poisonous Vapours and Olgreb's
                  | Toxic Radiance to your library.
  5348 | D:6      | Reached skill level 5 in Spellcasting
  5356 | D:6      | Reached skill level 6 in Unarmed Combat
  6005 | D:7      | Reached skill level 6 in Transmutations
  6009 | D:7      | Found a staircase to the Ecumenical Temple.
  6015 | D:7      | Found a sand-covered staircase.
  6036 | Temple   | Entered the Ecumenical Temple
  6043 | Temple   | Became a worshipper of Ru the Awakened
  6085 | Ossuary  | Entered an ossuary
  6370 | D:7      | Identified 2 potions of experience
  6372 | D:7      | Reached skill level 8 in Unarmed Combat
  6372 | D:7      | Reached skill level 7 in Spellcasting
  6372 | D:7      | Reached skill level 8 in Transmutations
  6372 | D:7      | Reached skill level 5 in Ice Magic
  6372 | D:7      | Reached XP level 9. HP: 64/64 MP: 16/20
  6373 | D:7      | Reached skill level 6 in Fighting
  6373 | D:7      | Reached skill level 5 in Dodging
  6373 | D:7      | Reached XP level 10. HP: 84/84 MP: 16/21
  6652 | D:7      | Reached skill level 8 in Spellcasting
  6761 | D:7      | Reached skill level 9 in Unarmed Combat
  6828 | D:7      | Found a burning altar of Makhleb.
  6950 | D:7      | Reached XP level 11. HP: 91/91 MP: 19/23
  6963 | D:7      | Reached skill level 9 in Transmutations
  7310 | D:7      | Gained mutation: You occasionally lose the ability to read
                  | scrolls when taking damage. [Ru sacrifice]
  7310 | D:7      | Gained mutation: You sometimes lose the ability to read
                  | scrolls when taking damage. [Ru sacrifice]
  7310 | D:7      | Reached * piety under Ru
  7718 | D:8      | Reached skill level 10 in Unarmed Combat
  7800 | D:8      | Found a staircase to the Lair.
  7828 | D:8      | Noticed a two-headed ogre
  7836 | D:8      | Killed a two-headed ogre
  8071 | D:8      | Noticed Maggie
  8083 | D:8      | HP: 13/109 [Maggie/bolt of fire (48)]
  8084 | D:8      | Killed Maggie
  9113 | D:9      | Reached skill level 11 in Unarmed Combat
  9173 | D:9      | Reached skill level 10 in Transmutations
  9420 | D:9      | Noticed a two-headed ogre
  9432 | D:9      | Killed a two-headed ogre
  9833 | D:9      | Noticed a two-headed ogre
  9840 | D:9      | Killed a two-headed ogre
 10005 | D:9      | Noticed a three-headed hydra
 10011 | D:9      | Killed a three-headed hydra
 10012 | D:9      | Reached XP level 12. HP: 73/97 MP: 20/24
 10164 | D:9      | Reached skill level 12 in Unarmed Combat
 10439 | D:9      | You pick up a book of Vapours and begin reading...
 10439 | D:9      | You add the spells Cigotuvi's Dreadful Rot and Mephitic
                  | Cloud to your library.
 10595 | D:10     | Entered Level 10 of the Dungeon
 11132 | D:10     | Reached skill level 11 in Transmutations
 11203 | D:10     | Gained mutation: You cannot study or use magical devices.
                  | [Ru sacrifice]
 11203 | D:10     | Reached ** piety under Ru
 11203 | D:10     | Reached *** piety under Ru
 11460 | D:10     | Noticed Harold
 11473 | D:10     | Killed Harold
 11474 | D:10     | Reached skill level 13 in Unarmed Combat
 12194 | D:11     | Noticed a boulder beetle
 12232 | D:10     | Killed a boulder beetle
 12408 | D:11     | Reached skill level 6 in Dodging
 12824 | D:11     | Noticed Maurice
 12844 | D:11     | Killed Maurice
 12845 | D:11     | Reached skill level 7 in Fighting
 13641 | D:12     | HP: 26/109 [rust devil[an orc sorcerer] (3)]
 13646 | D:12     | HP: 14/109 [rust devil[an orc sorcerer] (12)]
 13651 | D:12     | Killed from afar by an orc sorcerer

Vanquished Creatures
  A hydra (D:9)
  A boulder beetle (D:10)
  Harold (D:10)
  3 two-headed ogres
  A cyclops (D:12)
  3 slime creatures (D:9)
  Maurice (D:11)
  An unseen horror (D:11)
  4 kobold demonologists
  Maggie (D:8)
  2 trolls
  A hornet (D:8)
  2 dream sheep (D:9)
  3 wyverns
  A shadow (D:12)
  29 yaks
  3 steam dragons
  A water moccasin (D:8)
  5 orc warriors
  3 ice beasts
  4 sky beasts
  2 black bears
  4 centaurs
  An ogre (D:5)
  2 phantoms (D:4)
  An elf zombie (Ossuary)
  9 kobold brigands
  A bullfrog (D:8)
  4 necrophages
  2 scorpions
  5 wights
  15 killer bees
  3 howler monkeys
  A human zombie (Ossuary)
  A jelly (D:5)
  5 orc priests
  A gnoll bouda (D:8)
  4 hounds
  6 iguanas
  9 orc wizards
  2 ogre zombies (D:12)
  A hound zombie (Ossuary)
  4 mummies (Ossuary)
  9 gnolls
  A howler monkey skeleton (D:2)
  11 adders
  2 shadow imps
  A white imp (D:6)
  An ufetubus (D:4)
  4 adder skeletons (D:2)
  4 adder zombies
  A worm (D:3)
  3 dart slugs
  20 orcs
  2 ball pythons
  A bat skeleton (D:2)
  A bat zombie (D:2)
  8 endoplasms
  5 giant cockroaches
  A gnoll zombie (Ossuary)
  8 goblins
  4 hobgoblins
  7 jackals (D:1)
  25 kobolds
  5 quokkas
  A ball python skeleton (D:2)
  2 ball python zombies (D:2)
  7 bats
  5 frilled lizards
  A goblin skeleton (D:12)
  3 goblin zombies
  A hobgoblin skeleton (D:12)
  2 hobgoblin zombies
  A jackal zombie (Ossuary)
  2 kobold zombies (Ossuary)
  7 orc zombies (D:12)
  A quokka skeleton (D:2)
  3 rats
  A rat zombie (Ossuary)
315 creatures vanquished.

Vanquished Creatures (others)
  2 fungi (D:8)
  10 plants (D:8)
  A withered plant (D:2)
13 creatures vanquished.

Grand Total: 328 creatures vanquished

Table legend:
 A = Non-vault XP
 B = Vault XP
 C = Vault XP percentage of total XP
 D = Non-vault monster count
 E = Vault monster count
 F = Vault count percentage of total count
                 A         B        C        D         E       F
            +---------+---------+-------+---------+---------+-------
      Total |   18252 |    7005 |  27.7 |     244 |      71 |  22.5
            +---------+---------+-------+---------+---------+-------
        D:1 |      63 |       0 |   0.0 |      26 |       0 |   0.0
        D:2 |      71 |      60 |  45.8 |      16 |      14 |  46.7
        D:3 |      62 |       0 |   0.0 |      20 |       0 |   0.0
        D:4 |     673 |       0 |   0.0 |      22 |       0 |   0.0
        D:5 |     642 |       0 |   0.0 |      16 |       0 |   0.0
        D:6 |     559 |       0 |   0.0 |      16 |       0 |   0.0
        D:7 |    1653 |       0 |   0.0 |      31 |       0 |   0.0
        D:8 |    2012 |    3432 |  63.0 |      14 |      19 |  57.6
        D:9 |    3924 |    1682 |  30.0 |      27 |       6 |  18.2
       D:10 |    5312 |     852 |  13.8 |      35 |       1 |   2.8
       D:11 |    2403 |     457 |  16.0 |      19 |       1 |   5.0
       D:12 |     878 |     273 |  23.7 |       2 |      14 |  87.5
    Ossuary |       0 |     249 | 100.0 |       0 |      16 | 100.0
            +---------+---------+-------+---------+---------+-------

Illustrated notes

Table legend:
 A = Kills in this place as a percentage of kills in entire the game.
 B = Kills by you in this place as a percentage of kills by you in the entire game.
 C = Kills by friends in this place as a percentage of kills by friends in the entire game.
 D = Other kills in this place as a percentage of other kills in the entire game.
 E = Experience gained in this place as a percentage of experience gained in the entire game.
 F = Experience gained in this place divided by the number of levels of this place that you have seen.
                   A       B       C       D       E      F
               +-------+-------+-------+-------+-------+----------------------
         Total | 100.0 | 100.0 |   N/A |   N/A | 100.0 | 1804.1
       Dungeon |  94.9 |  94.9 |   N/A |   N/A |  99.0 | 2084.0
       Ossuary |   5.1 |   5.1 |   N/A |   N/A |   1.0 | 249.0
               +-------+-------+-------+-------+-------+----------------------

Table legend: (Time is in decaauts)
 A = Elapsed time spent in this place.
 B = Non-inter-level travel time spent in this place.
 C = Inter-level travel time spent in this place.
 D = Time resting spent in this place.
 E = Time spent auto-exploring this place.
 F = Levels seen in this place.
 G = Mean time per level.
                   A        B        C        D        E       F      G
               +--------+--------+--------+--------+--------+-----+--------+
         Total |  13508 |  13188 |    320 |    793 |  10181 |  14 |  964.9 |
       Dungeon |  13216 |  12903 |    313 |    793 |   9996 |  12 | 1101.3 |
        Temple |     14 |      8 |      6 |      0 |      0 |   1 |   14.0 |
       Ossuary |    276 |    276 |      0 |      0 |    185 |   1 |  276.0 |
               +--------+--------+--------+--------+--------+-----+--------+

Top non-repeatable levels by time:
     D:9: 1687 daAuts
    D:10: 1594 daAuts
     D:8: 1416 daAuts
     D:4: 1214 daAuts
    D:11: 1170 daAuts
     D:7: 1166 daAuts
     D:6: 1135 daAuts
     D:5: 1050 daAuts
     D:3: 949 daAuts
     D:1: 937 daAuts
     D:2: 648 daAuts
 Ossuary: 276 daAuts
    D:12: 246 daAuts
  Temple: 14 daAuts
